 Dungeon Crawl Stone Soup version 0.31-a0-806-g0bc164a743 (webtiles) character file.

Game seed: 6502038595921746104

51 hikkokomori the Conjurer (level 3, -4/22 HPs)
             Began as a Gargoyle Reaver on Sept 20, 2023.
             Was an Initiate of Vehumet.
             Slain by Natasha (6 damage)
             ... on level 2 of the Dungeon.
             The game lasted 00:02:00 (1485 turns).

hikkokomori the Conjurer (Gargoyle Reaver)          Turns: 1485, Time: 00:02:01

Health: -4/22      AC:  7    Str: 15    XL:     3   Next: 83%
Magic:  6/6        EV: 11    Int: 15    God:    Vehumet [......]
Gold:   33         SH:  0    Dex:  8    Spells: 5/6 levels left

rFire   . . .        a - +0 mace
rCold   . . .        (no shield)
rNeg    + . .        b - +0 leather armour
rPois   ∞            (no helmet)
rElec   +            (no cloak)
rCorr   .            c - +0 pair of gloves
SInv    .            (no boots)
Will    .....        m - amulet of faith
Stlth   +            (no ring)
HPRegen 0.23/turn    (no ring)
MPRegen 0.10/turn

%: faith
@: no status effects
A: sickness immunity, AC +3, negative energy resistance 1, electricity
resistance, torment resistance 1, petrification resistance
a: Renounce Religion


You were on level 2 of the Dungeon.
You worshipped Vehumet.
Vehumet was noncommittal.
You visited 1 branch of the dungeon, and saw 2 of its levels.

You collected 33 gold pieces.

Inventory:

Hand Weapons
 a - a +0 mace (weapon)
Armour
 b - a +0 leather armour (worn)
 c - a +0 pair of gloves (worn)
 j - a +0 pair of gloves
Jewellery
 m - an amulet of faith (around neck)
Scrolls
 e - 2 scrolls of teleportation {unknown}
 g - a scroll of identify {unknown}
 i - a scroll of poison {unknown}
 l - 2 scrolls of fog {unknown}
Potions
 d - a potion of berserk rage {unknown}
 f - 2 potions of might {unknown}
 h - a potion of lignification {unknown}
 k - a potion of attraction {unknown}
 n - a potion of brilliance {unknown}


   Skills:
 + Level 2.8 Fighting
 + Level 3.3 Maces & Flails
 + Level 2.0 Dodging
 + Level 2.4 Spellcasting
 + Level 3.7 Conjurations


You had 5 spell levels left.
You knew the following spells:

 Your Spells              Type           Power      Damage    Failure   Level
a - Kiss of Death         Conj/Necr      28%        2d7       12%         1

Your spell library contained the following spells:

 Spells                   Type           Power      Damage    Failure   Level
 Momentum Strike          Conj/Tloc      14%        3d8       19%         2
 Hailstorm                Conj/Ice       7%         3d4       36%         3


Dungeon Overview and Level Annotations

Branches:
Dungeon (2/15)

Altars:
Vehumet

Annotations:
D:2 Natasha


Innate Abilities, Weirdness & Mutations

You are immune to sickness and miasma.
Your stone body is resilient. (AC +3)
You are immune to poison.
You resist negative energy. (rN+)
You are resistant to electric shocks. (rElec)
You are resistant to unholy torment.
You are immune to petrification.


Message History

No target in view!
You now have 33 gold pieces (gained 7).
n - a black potion No target in view!
No target in view!
Found an escape hatch in the floor.
Key pressed, stopping explore.
No target in view!
No target in view!
There is an escape hatch in the floor here.
You see here a +1 dagger of draining.
No target in view!
Natasha, Servant of Life and Death comes into view.
Natasha hisses angrily.
Natasha mumbles some strange words.
Natasha is nearby!
Natasha is nearby!
Natasha mumbles some strange words.
Natasha howls an incantation.
Natasha glows brightly for a moment.
Natasha claws you.
The cerulean imp hits you from afar with a +2 spear.
The cerulean imp hits you but does no damage.
You hit Natasha.
Natasha is heavily wounded.
Natasha claws you.
The cerulean imp closely misses you. x2; Natasha claws you.
You barely miss Natasha.
Natasha is heavily wounded.
The cerulean imp closely misses you.
The cerulean imp hits you but does no damage.
Natasha barely misses you.
The cerulean imp hits you from afar with a +2 spear.
* * * LOW HITPOINT WARNING * * *
You barely miss Natasha.
Natasha is heavily wounded.
The cerulean imp hits you from afar with a +2 spear.
* * * LOW HITPOINT WARNING * * *
Natasha claws you.
You die...
Natasha begins licking her fur clean.

.###...######.........#
...................#..#
............#......##.#
.......>..).#......# ..
.#...........###..## ##
.#####..####..##.## .
.# #..# .#....## ... ##
#### ####....#.....
#..@.5.....#
#...h5.....#
+...........#
.......#.....#
♣.......##...^.#
♣♣.+..### .....# ♣♣###
######


You could see Natasha and 2 cerulean imps.

Vanquished Creatures
  An adder (D:2)
  A dart slug (D:1)
  2 ball pythons (D:1)
  3 bats
  An endoplasm (D:2)
  7 giant cockroaches (D:2)
  4 goblins (D:1)
  2 hobgoblins (D:1)
  4 jackals (D:2)
  5 kobolds
  A quokka (D:1)
  2 frilled lizards
  2 rats (D:1)
35 creatures vanquished.

Notes
Turn   | Place    | Note
-------+----------+-------------------------------------------
     0 | D:1      | hikkokomori the Gargoyle Reaver began the quest for the
                  | Orb.
     0 | D:1      | Reached XP level 1. HP: 12/12 MP: 3/3
   143 | D:1      | Reached XP level 2. HP: 18/18 MP: 5/5
  1180 | D:2      | Found a radiant altar of Vehumet.
  1201 | D:2      | Reached XP level 3. HP: 22/22 MP: 6/6
  1222 | D:2      | Became a worshipper of Vehumet
  1478 | D:2      | Noticed Natasha
  1485 | D:2      | Slain by Natasha

Illustrated notes

Levels and vault maps discovered:
D:1:      dpeg_arrival_signposts, layout_basic, dreamdust_princess_corridor
D:2:      layout_rooms, basic_altar, minmay_worlds_worst_comb, uniq_natasha,
          uniq_crazy_yiuf_cottage

Skill      XL: |  1  2  3 |
---------------+----------+-----
Dodging        | 2 |  2.0
Fighting       | |  2.8
Maces & Flails | |  3.3
Spellcasting   | |  2.4
Conjurations   | |  3.7

Action                     || total
---------------------------++-------
  Melee: Mace              ||   114
 Armour: Leather armour    ||    93
  Dodge: Dodged            ||    76

Table legend: (Time is in decaauts)
 A = Elapsed time spent in this place.
 B = Non-inter-level travel time spent in this place.
 C = Inter-level travel time spent in this place.
 D = Time resting spent in this place.
 E = Time spent auto-exploring this place.
 F = Levels seen in this place.
 G = Mean time per level.
                   A        B        C        D        E       F      G
               +--------+--------+--------+--------+--------+-----+--------+
         Total |   1512 |   1490 |     22 |      0 |   1177 |   2 |  756.0 |
       Dungeon |   1512 |   1490 |     22 |      0 |   1177 |   2 |  756.0 |
               +--------+--------+--------+--------+--------+-----+--------+

Top non-repeatable levels by time:
     D:1: 1188 daAuts
     D:2: 323 daAuts
